 Dungeon Crawl Stone Soup version 0.26-a0-466-g989023bd0d (webtiles) character file.

Game seed: 131113118248685345

68666 MrRokkomies the Sharpshooter (level 15, -25/96 HPs)
             Began as a Kobold Hunter on July 29, 2020.
             Was the Champion of Fedhas.
             Killed from afar by Jorgrun (53 damage)
             ... with an iron shot
             ... on level 2 of the Orcish Mines.
             The game lasted 01:17:55 (32932 turns).

MrRokkomies the Sharpshooter (Kobold Hunter)       Turns: 32932, Time: 01:17:56

Health: -25/96     AC:  8    Str: 10    XL:     15   Next: 71%
Magic:  23/24      EV: 37    Int: 23    God:    Fedhas [******]
Gold:   1363       SH:  0    Dex: 15    Spells: 5/14 levels left

rFire    x x .     SeeInvis .   b - +7 arbalest of Twilight {elec, rElec rF- Int+4}
rCold    + . .     Faith    .   (shield currently unavailable)
rNeg     . . .     Spirit   .   N - +0 troll leather armour
rPois    +         Reflect  .   B - +0 helmet
rElec    +         Harm     .   P - scarf {+Inv}
rCorr    .                      Q - +0 pair of gloves
MR       +....                  u - +1 pair of boots
Stlth    +++++.....             k - amulet of the acrobat
HPRegen  0.66/turn              z - ring "Pent" {Ice Slay+4}
MPRegen  0.19/turn              r - ring of poison resistance

@: acrobat
A: small, nightstalker 3, screaming 1
a: Wall of Briars, Grow Ballistomycete, Overgrow, Grow Oklob, Renounce Religion,
Evoke Invisibility


You were on level 2 of the Orcish Mines.
You worshipped Fedhas.
Fedhas was exalted by your worship.
You visited 3 branches of the dungeon, and saw 20 of its levels.
You also visited: Gauntlet and Ice Cave.

You collected 2157 gold pieces.
You spent 794 gold pieces at shops.

Inventory:

Hand Weapons
 a - the +8 autumn katana {vorpal, Clar}
   (You bought it in a shop on level 5 of the Dungeon)

   It inflicts extra damage upon your enemies.
   It protects you against confusion.
 b - the +7 arbalest of Twilight (weapon) {elec, rElec rF- Int+4}
   (You acquired it on level 9 of the Dungeon)

   It charges the ammunition it shoots with electricity; occasionally upon a
   hit, such missiles may discharge and cause terrible harm.
   It affects your intelligence (+4).
   It makes you vulnerable to fire.
   It insulates you from electricity.
 t - the +9 long sword "Demonslayer" {vorpal, *Slow Int+3 Dex+3}
   (You took it off a minotaur in a Gauntlet)

   It inflicts extra damage upon your enemies.
   It affects your intelligence (+3).
   It affects your dexterity (+3).
   It may slow you when you take damage.
 w - a +1 dagger of venom
Missiles
 d - 74 bolts (quivered)
Armour
 o - a +1 cloak of magic resistance
 u - a +1 pair of boots (worn)
 B - a +0 helmet (worn)
 H - +0 ice dragon scales
 N - a +0 troll leather armour (worn)
 P - a scarf of invisibility (worn)
 Q - a +0 pair of gloves (worn)
Jewellery
 g - a +4 ring of evasion
 k - an amulet of the acrobat (around neck)
 n - the ring of Wakkunof {rElec Int-4}
   (You found it in a Gauntlet)

   [ring of intelligence]

   It affects your intelligence (-4).
   It insulates you from electricity.
 r - a ring of poison resistance (right hand)
 x - an uncursed ring of flight
 z - the ring "Pent" (left hand) {Ice Slay+4}
   (You found it in a Gauntlet)

   [ring of ice]

   It enhances your ice magic.
   It affects your accuracy and damage with ranged weapons and melee attacks
   (+4).
   It makes you vulnerable to fire.
   It protects you from cold.
 C - an uncursed ring of resist corrosion
 O - an uncursed ring of see invisible
Wands
 c - a wand of iceblast (28)
 y - a wand of digging (8)
 E - a wand of clouds (2)
 G - a wand of acid (21)
 J - a wand of flame (30)
 S - a wand of enslavement (6)
 T - a wand of paralysis (2)
Scrolls
 e - 2 scrolls of remove curse
 f - 5 scrolls of enchant weapon
 h - 4 scrolls of blinking
 q - 2 scrolls of amnesia
 s - 4 scrolls of immolation
 D - 6 scrolls of identify
 I - 4 scrolls of enchant armour
 X - a scroll of fear
 Y - 4 scrolls of teleportation
Potions
 i - 8 potions of mutation
 j - 5 potions of brilliance
 l - 2 potions of cancellation
 m - 3 potions of stabbing
 p - a potion of resistance
 v - a potion of haste
 A - 4 potions of magic
 F - 4 potions of ambrosia
 K - 7 potions of might
 U - a potion of lignification
 V - 5 potions of flight
 Z - a potion of curing
Miscellaneous
 L - a phial of floods (inert)


   Skills:
 - Level 12.0 Fighting
 * Level 8.0 Long Blades
 * Level 16.7 Crossbows
 - Level 11.0 Dodging
 + Level 10.3 Stealth
 - Level 6.0 Hexes
 - Level 12.0 Invocations
 + Level 5.3 Evocations


You had 5 spell levels left.
You knew the following spells:

 Your Spells              Type           Power        Failure   Level
a - Confusing Touch       Hex            ####....     5%          3
b - Tukima's Dance        Hex            ####....     5%          3
c - Dazzling Flash        Conj/Hex       ##....       19%         3

Your spell library contained the following spells:

 Spells                   Type           Power        Failure   Level
 Corona                   Hex            ####...      1%          1
 Ensorcelled Hibernation  Hex/Ice        ###...       10%         2
 Animate Skeleton         Necr           #.....       22%         1
 Apportation              Tloc           #.....       22%         1
 Beastly Appendage        Tmut           #.....       22%         1
 Sandblast                Erth           #.....       22%         1
 Shock                    Conj/Air       #...         22%         1
 Summon Small Mammal      Summ           #...         22%         1
 Passwall                 Tmut/Erth      #.......     32%         2
 Sublimation of Blood     Necr           #.........   32%         2
 Swiftness                Air            #.......     32%         2
 Wereblood                Tmut           #.......     32%         2
 Gell's Gravitas          Tloc           #.........   54%         3
 Ignite Poison            Fire/Tmut/Pois #.......     54%         3
 Spider Form              Tmut/Pois      #.........   54%         3
 Static Discharge         Conj/Air       #.......     54%         3
 Stone Arrow              Conj/Erth      #.....       54%         3
 Metabolic Englaciation   Hex/Ice        ###.......   86%         5
 Yara's Violent Unravell  Hex/Tmut       ##........   86%         5
 Airstrike                Air            #.........   91%         4
 Ice Form                 Ice/Tmut       #.......     91%         4
 Petrify                  Tmut/Erth      #.......     91%         4
 Alistair's Intoxication  Tmut/Pois      #........    99%         5
 Blade Hands              Tmut           #.........   99%         5
 Bolt of Magma            Conj/Fire/Erth #.........   99%         5
 Irradiate                Conj/Tmut      #.........   99%         5
 Iskenderun's Battlesphe  Conj           #.......     99%         5
 Lee's Rapid Deconstruct  Erth           #.........   99%         5
 Lightning Bolt           Conj/Air       #.........   99%         5
 Eringya's Noxious Bog    Tmut/Pois      #.........   100%        6
 Freezing Cloud           Conj/Ice/Air   #.........   100%        6
 Iron Shot                Conj/Erth      #.........   100%        6
 Ozocubu's Refrigeration  Ice            #.........   100%        6
 Simulacrum               Ice/Necr       #.........   100%        6
 Orb of Destruction       Conj           #.........   100%        7
 Spellforged Servitor     Conj/Summ      #.........   100%        7


Dungeon Overview and Level Annotations

Branches:
Dungeon (12/15)            Temple (0/1) D:5            Lair (6/6) D:11
 Shoals (0/4) Lair:2       Spider (0/4) Lair:3        Slime (0/5) Lair:5
    Orc (2/2) D:11          IceCv (visited)         Gauntlet (visited)
    Elf: Orc:2

Altars:
Dithmenos
Fedhas
Kikubaaqudgha
Nemelex Xobeh
Okawaru
Qazlal
Ru
Wu Jian
The Shining One
Beogh
Jiyva

Shops:
D:5 (   D:12 ?   Orc:2 :*

Annotations:
D:4 Eustachio
Lair:5 3 runed translucent doors
Orc:1 3 runed translucent doors, pino's ghost, journeyman MiBe
Orc:2 Jorgrun


Innate Abilities, Weirdness & Mutations

You are small and have problems with some larger weapons.
You are completely attuned to the shadows.
You occasionally shout uncontrollably at your foes.


Message History

Unknown command.
Firing (i - inventory)
d - 76 bolts (quivered)
Press: ? - help, Shift-Dir - straight line, f/p - Jorgrun
Aim: Jorgrun, wielding a +0 vorpal quarterstaff and wearing a +2 robe of positive energy (severely wounded)
You shoot a bolt. The bolt hits Jorgrun!
Jorgrun is almost dead.
Jorgrun hits your briar patch with a +0 vorpal quarterstaff.
Firing (i - inventory)
d - 75 bolts (quivered)
Press: ? - help, Shift-Dir - straight line, f/p - Jorgrun
Aim: Jorgrun, wielding a +0 vorpal quarterstaff and wearing a +2 robe of positive energy (severely wounded)
You shoot a bolt. The bolt hits Jorgrun.
Jorgrun is almost dead.
Jorgrun gestures at you while chanting.
The wall shatters!
The blast of rock fragments hits you!!
* * * LOW HITPOINT WARNING * * *
Jorgrun points at you and mumbles some strange words.
The iron shot hits you!!!
Ouch! That really hurt!
You die...
Fedhas appreciates your contribution to the ecosystem.

#.......##.
##....#.....
#......(.##.
#.....(.....#
#....(.(....##
#.#...)PP....#
###..)PgP.....
#...PPP.....
##....@..##
##.....##
##...## #####


You could see Jorgrun.

Vanquished Creatures
  A frost giant (IceCv)
  A stone giant (Orc:1)
  A minotaur (Gauntlet)
  4 hydras
  An ice dragon (Lair:6)
  A catoblepas (Lair:6)
  6 death yaks (Lair:6)
  5 two-headed ogres
  2 orc high priests
  A queen ant (Gauntlet)
  A hell hog (Gauntlet)
  Urug (D:12)
  2 orc knights (Orc:2)
  4 ugly things
  2 cyclopes (D:11)
  3 orc sorcerers (Orc:1)
  7 elephants
  2 black mambas (Lair:6)
  Joseph (D:8)
  Maurice (D:12)
  2 ice statues (IceCv)
  6 cane toads
  A demonic crawler (Lair:3)
  2 rime drakes (Lair:6)
  2 komodo dragons (Lair:6)
  4 trolls
  22 polar bears
  6 hornets (Lair:6)
  8 blink frogs
  5 dream sheep
  A snapping turtle (Lair:2)
  11 hippogriffs
  13 spriggans (Lair:6)
  Sigmund (D:3)
  2 wyverns
  57 yaks
  3 basilisks
  2 fire bats (Gauntlet)
  2 wargs
  4 soldier ants (Gauntlet)
  An acid dragon (D:11)
  A hell hound (Gauntlet)
  9 water moccasins
  Duvessa (D:4)
  23 orc warriors
  8 porcupines
  3 ice beasts
  5 black bears
  4 sky beasts
  2 eyes of draining
  7 ogres
  2 phantoms
  3 centaurs
  4 necrophages
  36 wolves
  4 boggarts (Lair:6)
  17 crocodiles
  2 big kobolds
  12 bullfrogs
  A wyvern zombie (D:11)
  Dowan (D:4)
  9 scorpions
  A wyvern skeleton (D:7)
  16 wights
  35 killer bees
  A howler monkey (D:11)
  An electric eel (Lair:2)
  A centaur zombie (D:7)
  3 bullfrog zombies
  3 quasits
  3 hounds
  A jelly (D:7)
  13 orc priests
  2 centaur skeletons
  4 iguanas
  2 bullfrog skeletons
  14 orc wizards
  4 hell rats (Lair:2)
  17 worker ants
  A hound skeleton (D:11)
  12 adders
  5 gnolls
  A worker ant zombie (D:8)
  5 river rats (Lair:2)
  A shadow imp (D:5)
  A white imp (D:7)
  4 ufetubi
  An ooze (D:5)
  2 adder skeletons
  4 worms
  A dart slug (D:3)
  5 leopard geckos
  83 orcs
  6 bats
  8 giant cockroaches
  7 goblins
  3 hobgoblins
  9 jackals
  9 quokkas
  3 frilled lizards
  A jackal skeleton (D:6)
  11 kobolds
  A quokka zombie (D:5)
  9 rats
670 creatures vanquished.

Vanquished Creatures (collateral kills)
  A queen bee (Lair:1)
  A yak (IceCv)
  2 fire bats (Gauntlet)
  An ogre (Orc:2)
  3 killer bees (Lair:1)
  4 ballistomycete spores (Gauntlet)
12 creatures vanquished.

Vanquished Creatures (others)
  A porcupine (Lair:3)
  18 fungi
  4 plants
23 creatures vanquished.

Grand Total: 705 creatures vanquished

Notes
Turn   | Place    | Note
-------+----------+-------------------------------------------
     0 | D:1      | MrRokkomies the Kobold Hunter began the quest for the Orb.
     0 | D:1      | Reached XP level 1. HP: 12/12 MP: 1/1
   274 | D:1      | Reached skill level 5 in Crossbows
   274 | D:1      | Reached XP level 2. HP: 16/18 MP: 2/2
   776 | D:2      | Reached XP level 3. HP: 22/22 MP: 3/3
  1690 | D:2      | Reached XP level 4. HP: 28/28 MP: 4/4
  2513 | D:3      | Noticed an oklob plant
  2521 | D:3      | Found a blossoming altar of Fedhas.
  2738 | D:3      | Became a worshipper of Fedhas Madash
  3028 | D:3      | Noticed Sigmund
  3367 | D:4      | Noticed Duvessa
  3387 | D:4      | Noticed Eustachio
  3968 | D:5      | Entered Level 5 of the Dungeon
  4103 | D:5      | Reached XP level 5. HP: 27/32 MP: 5/5
  4118 | D:5      | Noticed a sky beast
  4139 | D:5      | Killed a sky beast
  4139 | D:5      | Reached skill level 6 in Crossbows
  4139 | D:5      | Reached XP level 6. HP: 18/38 MP: 6/6
  4450 | D:5      | Found Lofil's Weapon Shop.
  4725 | D:5      | Reached XP level 7. HP: 44/44 MP: 7/7
  5055 | D:5      | Reached skill level 5 in Fighting
  5055 | D:5      | Reached skill level 7 in Crossbows
  5131 | D:5      | Found a staircase to the Ecumenical Temple.
  5603 | D:6      | Reached XP level 8. HP: 26/50 MP: 8/8
  5765 | D:6      | Reached skill level 5 in Stealth
  5916 | D:6      | Reached * piety under Fedhas
  5943 | D:6      | Reached skill level 5 in Dodging
  6140 | D:6      | Reached skill level 8 in Crossbows
  6798 | D:6      | Reached XP level 9. HP: 56/56 MP: 9/9
  7044 | D:6      | Reached skill level 9 in Crossbows
  7363 | D:7      | Found a shadowy altar of Dithmenos.
  7364 | D:7      | Found a glowing golden altar of the Shining One.
  7364 | D:7      | Found an iron altar of Okawaru.
  7435 | D:7      | Found an ornate altar of the Wu Jian Council.
  7895 | D:7      | Reached ** piety under Fedhas
  9164 | D:4      | Found a sacrificial altar of Ru.
  9319 | D:3      | Killed Sigmund
  9657 | D:4      | Noticed Dowan
  9677 | D:4      | Killed Duvessa
  9689 | D:4      | Killed Dowan
 10265 | D:8      | Reached skill level 10 in Crossbows
 10487 | D:8      | Found a stormy altar of Qazlal.
 10492 | D:8      | Noticed a two-headed ogre
 10524 | D:7      | Killed a two-headed ogre
 10524 | D:7      | Reached XP level 10. HP: 66/66 MP: 10/10
 11562 | D:7      | Reached *** piety under Fedhas
 11637 | D:8      | Reached skill level 10 in Fighting
 11637 | D:8      | Reached skill level 1 in Invocations
 11754 | D:8      | Noticed Joseph
 11784 | D:8      | Killed Joseph
 12218 | D:8      | Noticed a two-headed ogre
 12232 | D:8      | Killed a two-headed ogre
 12247 | D:8      | Reached XP level 11. HP: 19/73 MP: 13/13
 12644 | D:8      | Found an ancient bone altar of Kikubaaqudgha.
 13696 | D:9      | Reached **** piety under Fedhas
 13696 | D:9      | Reached skill level 5 in Invocations
 14032 | D:9      | Found a sparkling altar of Nemelex Xobeh.
 14150 | D:9      | Reached skill level 10 in Stealth
 15648 | D:9      | Identified a scroll of acquirement
 15648 | D:9      | Acquired the +7 arbalest of Twilight {elec, rElec rF-
                  | Int+4}
 15686 | D:10     | Entered Level 10 of the Dungeon
 16809 | D:10     | Reached ***** piety under Fedhas
 17217 | D:10     | Reached XP level 12. HP: 80/80 MP: 17/17
 17314 | D:10     | Found the +5 scythe "Finisher" {speed, eviscerate}
 18018 | D:11     | Reached skill level 11 in Crossbows
 18594 | D:11     | Reached skill level 10 in Dodging
 18733 | D:11     | Noticed a two-headed ogre
 18735 | D:11     | Noticed a two-headed ogre
 18767 | D:11     | Killed a two-headed ogre
 18792 | D:11     | Killed a two-headed ogre
 18792 | D:11     | Reached skill level 1 in Evocations
 18950 | D:11     | Found a staircase to the Lair.
 19132 | D:11     | Found a staircase to the Orcish Mines.
 19710 | D:12     | Found a gate leading to a gauntlet.
 19715 | Gauntlet | Entered a Gauntlet
 19721 | Gauntlet | Found a transporter.
 19748 | Gauntlet | Noticed a wizard
 19755 | Gauntlet | Noticed a wizard
 19772 | Gauntlet | Found a transporter.
 19773 | Gauntlet | Noticed a death yak
 19773 | Gauntlet | Noticed a death yak
 19774 | Gauntlet | Noticed a death yak
 19776 | Gauntlet | Noticed a death yak
 19776 | Gauntlet | Noticed a death yak
 19816 | Gauntlet | Found a transporter.
 19816 | Gauntlet | Found a transporter.
 19816 | Gauntlet | Noticed a queen ant
 19830 | Gauntlet | Found a transporter.
 19880 | Gauntlet | Found a transporter.
 19880 | Gauntlet | Noticed a hell hog
 19902 | Gauntlet | Found a transporter.
 19902 | Gauntlet | Found a transporter.
 20076 | Gauntlet | Reached skill level 12 in Crossbows
 20105 | Gauntlet | Killed a queen ant
 20215 | Gauntlet | Killed a hell hog
 20313 | Gauntlet | Got a smoking copper ring
 20318 | Gauntlet | Identified the cursed ring of Wakkunof {rElec Int-4} (You
                  | found it in a Gauntlet)
 20328 | Gauntlet | Identified the +9 long sword "Demonslayer" {vorpal, *Slow
                  | Int+3 Dex+3}
 20328 | Gauntlet | Identified the amulet of Lust {RegenMP rElec rN+ Int-2
                  | Dex+4}
 20328 | Gauntlet | Noticed a minotaur
 20343 | Gauntlet | Killed a minotaur
 20343 | Gauntlet | Reached XP level 13. HP: 37/86 MP: 12/20
 20350 | Gauntlet | Got a bound glass ring
 20352 | Gauntlet | Identified the ring "Pent" {Ice Slay+4} (You found it in a
                  | Gauntlet)
 20361 | Gauntlet | Learned a level 3 spell: Confusing Touch
 20555 | D:12     | Noticed Urug
 20583 | D:12     | Killed Urug
 20911 | D:12     | Noticed Maurice
 20938 | D:12     | Killed Maurice
 21574 | D:12     | Found Nogeejez's Magic Scroll Shop.
 21748 | Lair:1   | Entered Level 1 of the Lair of Beasts
 21752 | Lair:1   | Reached skill level 10 in Invocations
 22105 | Lair:1   | Reached skill level 13 in Crossbows
 22577 | Lair:1   | Reached skill level 1 in Hexes
 22584 | Lair:1   | Reached skill level 5 in Evocations
 22848 | Lair:2   | Found a staircase to the Shoals.
 24151 | D:5      | Bought the +8 autumn katana {vorpal, Clar} for 794 gold
                  | pieces
 24151 | D:5      | Found the +8 autumn katana {vorpal, Clar}
 24568 | Lair:3   | Noticed a five-headed hydra
 24579 | Lair:3   | Killed a five-headed hydra
 24586 | Lair:3   | Reached skill level 1 in Long Blades
 24718 | Lair:3   | Found a hole to the Spider Nest.
 26397 | Lair:5   | Reached skill level 14 in Crossbows
 26406 | Lair:5   | Reached XP level 14. HP: 88/92 MP: 22/22
 26487 | Lair:5   | Found a runed translucent gate.
 26488 | Lair:5   | Found a runed translucent gate.
 26489 | Lair:5   | Found a runed translucent gate.
 27004 | Lair:5   | Found a viscous altar of Jiyva.
 27004 | Lair:5   | Found a staircase to the Slime Pits.
 27510 | Lair:6   | Entered Level 6 of the Lair of Beasts
 27883 | Lair:6   | Found a frozen archway.
 27899 | Lair:6   | Reached skill level 5 in Long Blades
 27900 | Lair:6   | Reached skill level 15 in Crossbows
 27923 | IceCv    | Entered an ice cave
 28497 | IceCv    | Reached ****** piety under Fedhas
 28600 | IceCv    | Reached skill level 5 in Hexes
 28994 | IceCv    | Noticed a frost giant
 29050 | IceCv    | Killed a frost giant
 29277 | Lair:6   | Reached XP level 15. HP: 38/96 MP: 23/23
 30109 | Lair:6   | Reached skill level 16 in Crossbows
 30759 | Lair:6   | Learned a level 3 spell: Tukima's Dance
 30763 | Lair:6   | Learned a level 3 spell: Dazzling Flash
 30901 | Orc:1    | Entered Level 1 of the Orcish Mines
 30960 | D:11     | Gained mutation: You occasionally shout uncontrollably at
                  | your foes. [a neqoxec]
 31194 | Orc:1    | You fall into a shaft and drop 1 floor!
 31194 | Orc:2    | Entered Level 2 of the Orcish Mines
 31196 | Orc:2    | Found a roughly hewn altar of Beogh.
 31494 | Orc:2    | Found Keskaez's Book Boutique.
 31505 | Orc:2    | Found Kakhlipny's General Store.
 31918 | Orc:1    | Noticed a stone giant
 31930 | Orc:1    | Killed a stone giant
 32074 | Orc:1    | Found a roughly hewn altar of Beogh.
 32103 | Orc:1    | Found a runed translucent gate.
 32103 | Orc:1    | Found a runed translucent gate.
 32104 | Orc:1    | Found a runed translucent gate.
 32379 | Orc:1    | You fall into a shaft and drop 1 floor!
 32616 | Orc:1    | Noticed pino's ghost (journeyman MiBe)
 32903 | Orc:2    | Noticed Jorgrun
 32932 | Orc:2    | Killed from afar by Jorgrun

Illustrated notes

Levels and vault maps discovered:
D:1:      matt_arrival_refuge, layout_rooms
D:2:      layout_loops_ring, minmay_stone_trees_small
D:3:      layout_loops_ring, tgw_fedhas, uniq_sigmund
D:4:      layout_basic, nicolae_ru_path_of_blood, uniq_duvessa, uniq_eustachio
D:5:      layout_basic, minmay_temple_entry_large_hall, serial_shops, shop
D:6:      layout_loops_ring
D:7:      layout_basic, chequers_temple_overflow_statue_of_worship,
          serial_co_window_serial, co_window_paths_b, co_window_corner_a,
          co_window_corner_a, co_window_of_opportunity_a, co_window_paths_a,
          co_window_of_opportunity_a, co_window_corner_a,
          co_window_unsneaky_path_b, co_window_corner_ca,
          co_window_unsneaky_path_c
D:8:      layout_rooms, lemuel_round_altar, nicolae_overflow_crystal_walls,
          minmay_alternating_orb, uniq_joseph
D:9:      layout_small_grid, enter_bailey_2, nemelex_spade_bored_becter
D:10:     layout_stronghold, minmay_guarded_unrand_finisher
D:11:     layout_irregular_city, grunt_lair_entry_orc_guard_hut, orc_0_dummy,
          minivault_4
D:12:     layout_basic, gauntlet_entry_generic, serial_shops, shop, uniq_urug,
          uniq_maurice
Lair:1:   layout_small_grid, special_room [special_room_bee]
Lair:2:   layout_loops_ring, minmay_shoals_entry_hut, kennysheep_abandoned_house
Lair:3:   layout_roguey, nicolae_spider_entry_non_spiders, zaba_anthole,
          serial_bayou_shore_a, minmay_lair_oklob_chamber
Lair:4:   layout_hall_layers
Lair:5:   wander_river, layout_big_grid, dpeg_slime_entry_enclosed_altar,
          gammafunk_ghost_ooze, serial_bayou_shore_b
Lair:6:   minmay_lair_end_enchanted_forest, layout_regular_city,
          portal_ice_cave_entry_animals_and_master
Orc:1:    layout_caves, ebering_ghost_rock_garden, basic_altar
Orc:2:    pubby_orc_utopia, uniq_jorgrun

Skill      XL: |  1  2  3  4  5  6  7  8  9 10 11 12 13 14 15 |
---------------+----------------------------------------------+-----
Crossbows      | 5 6 7 8 10 12 14 15 16 | 16.7
Stealth        | 2 3 4 6 8 9 10 | 10.3
Fighting       | 3 4 5 6 9 10 11 12 | 12.0
Dodging        | 3 4 5 7 8 9 10 11 | 11.0
Invocations    | 3 7 9 11 12 | 12.0
Evocations     | 3 5 |  5.3
Hexes          | 3 5 6 |  6.0
Long Blades    | 2 5 8 |  8.0

Action                   |  1- 3 |  4- 6 |  7- 9 | 10-12 | 13-15 || total
-------------------------+-------+-------+-------+-------+-------++-------
Melee: Short sword       |    79 |    62 |       |   122 |    10 ||   273
       Falchion          |       |    39 |   349 |       |       ||   388
       Dagger            |       |       |     9 |   834 |   360 ||  1203
       Katana            |       |       |       |       |   576 ||   576
 Fire: Hand crossbow     |    23 |    20 |    67 |     1 |       ||   111
       Arbalest          |       |       |       |    11 |   136 ||   147
 Cast: Tukima's Dance    |       |       |       |       |     3 ||     3
       Confusing Touch   |       |       |       |       |     1 ||     1
Invok: Overgrow          |       |       |       |     3 |     1 ||     4
       Wall of Briars    |       |       |       |       |     5 ||     5
 Abil: Evoke Invisibilit |       |       |       |       |     1 ||     1
Evoke: Wand              |       |       |     1 |     6 |     4 ||    11
       Phial of floods   |       |       |       |       |     1 ||     1
       Phantom mirror    |       |       |       |       |     1 ||     1
  Use: Scroll            |     4 |    11 |     3 |    14 |     7 ||    39
       Potion            |       |       |     3 |     9 |     5 ||    17
 Stab: Sleeping          |     7 |    12 |    19 |    38 |    69 ||   145
       Distracted        |       |       |     2 |     3 |     6 ||    11
       Confused          |       |       |     1 |     2 |     3 ||     6
       Paralysed         |       |       |       |     3 |     4 ||     7
       Invisible         |       |       |       |       |     3 ||     3
       Petrified         |       |       |       |       |     1 ||     1
Armor: Leather armour    |    13 |    17 |       |       |       ||    30
       Ring mail         |       |    14 |    85 |    73 |       ||   172
       Troll leather arm |       |       |       |    66 |   163 ||   229
       Ice dragon scales |       |       |       |       |    33 ||    33
Dodge: Dodged            |    60 |   101 |   419 |  1136 |  1182 ||  2898
       Rpst.: Falchion   |       |    15 |   119 |       |       ||   134
       Katana            |       |       |       |       |   159 ||   159

Table legend: (Time is in decaauts)
 A = Elapsed time spent in this place.
 B = Non-inter-level travel time spent in this place.
 C = Inter-level travel time spent in this place.
 D = Time resting spent in this place.
 E = Time spent auto-exploring this place.
 F = Levels seen in this place.
 G = Mean time per level.
                   A        B        C        D        E       F      G
               +--------+--------+--------+--------+--------+-----+--------+
         Total |  33211 |  31785 |   1426 |   8157 |  16827 |  22 | 1509.6 |
       Dungeon |  21802 |  20766 |   1036 |   6219 |  10483 |  12 | 1816.8 |
          Lair |   7525 |   7168 |    357 |    762 |   4728 |   6 | 1254.2 |
  Orcish Mines |   1883 |   1850 |     33 |    528 |    818 |   2 |  941.5 |
      Ice Cave |   1297 |   1297 |      0 |    487 |    540 |   1 | 1297.0 |
      Gauntlet |    703 |    703 |      0 |    159 |    258 |   1 |  703.0 |
               +--------+--------+--------+--------+--------+-----+--------+

Top non-repeatable levels by time:
     D:7: 2881 daAuts
     D:8: 2609 daAuts
    D:10: 2144 daAuts
    D:11: 2088 daAuts
     D:9: 2035 daAuts
  Lair:6: 1943 daAuts
     D:6: 1873 daAuts
     D:5: 1832 daAuts
     D:4: 1685 daAuts
    D:12: 1385 daAuts
     D:2: 1312 daAuts
   IceCv: 1297 daAuts
  Lair:5: 1239 daAuts
  Lair:2: 1236 daAuts
     D:3: 1206 daAuts
